[Event "Grand Prix Moscow 2019"]
[Site "Moscow"]
[Date "2019.05.19"]
[Round "1.4"]
[White "Duda, Jan-Krzysztof"]
[Black "So, Wesley"]
[Result "1/2-1/2"]
[ECO "C54"]
[WhiteElo "2728"]
[BlackElo "2754"]
[Annotator "ChessBase"]
[PlyCount "136"]
[EventDate "2019.05.17"]
[EventType "k.o."]
[EventCountry "RUS"]
[SourceTitle "playchess.com"]
[Source "ChessBase"]
[SourceQuality "1"]
[TimeControl "1500+10"]

1. e4 e5 2. Nf3 Nc6 3. Bc4 Bc5 4. c3 Nf6 5. d3 O-O 6. a4 d5 7. exd5 Nxd5 8. a5 a6 9. Nbd2 f6 10. Ne4 Ba7 11. Qb3 Nce7 12. O-O Kh8 13. h3 b5 14. axb6 cxb6 15. d4 exd4 16. Nxd4 b5 17. Bd3 b4 18. Rd1 bxc3 19. bxc3 Rb8 20. Qa3 Bxd4 21. cxd4 Nc6 22. Bc4 Ncb4 23. Qg3 Rb6 24. Nc5 Qd6 25. Qf3 Rd8 26. Bb3 Be6 27. Re1 Bg8 28. Re4 a5 29. Bd2 Nc6 30. Bxa5 Ra8 31. Bc3 Rab8 32. Bc2 Ndb4 33. Ba4 Bd5 34. Qf4 Qxf4 35. Rxf4 Ra8 36. Re1 h6 37. Rg4 Na2 38. Bd2 Rb2 39. Bxh6 gxh6 40. Bxc6 Bxc6 41. Re6 h5 42. Rg3 Nc1 43. Rxc6 Ne2+ 44. Kh2 Nxg3 45. Kxg3 h4+ 46. Kxh4 Rxf2 47. g4 Kg7 48. Kg3 Rd2 49. Rxf6 Ra3+ 50. Rf3 Rxf3+ 51. Kxf3 Kf7 52. Kf4 Rxd4+ 53. Ne4 Ke6 54. Ke3 Rd1 55. h4 Ke5 56. Ng5 Re1+ 57. Kf3 Ra1 58. Nf7+ Kf6 59. Nd6 Ke5 60. Nc4+ Kd4 61. Nd6 Ke5 62. Nf7+ Kf6 63. Nd6 Ke5 64. Nc4+ Kd4 65. Nd2 Ke5 66. g5 Kf5 67. Nc4 Kg6 68. Ne3 Ra3 1/2-1/2